 Dungeon Crawl Stone Soup version 0.31-a0-267-g3fc6992b3b (webtiles) character file.

Game seed: 1627032142275865167

68 qw the Shooter (level 4, -4/36 HPs)
             Began as a Minotaur Hexslinger on July 14, 2023.
             Slain by a gnoll
             ... wielding a +0 whip
              (5 damage)
             ... on level 1 of the Dungeon.
             The game lasted 00:00:29 (1544 turns).

qw the Shooter (Minotaur Hexslinger)                Turns: 1544, Time: 00:00:30

Health: -4/36      AC:  5    Str: 12    XL:     4   Next: 1%
Magic:  4/4        EV: 11    Int: 10    God:
Gold:   117        SH:  0    Dex: 15    Spells: 4/5 levels left

rFire   . . .        Y - +4 sling
rCold   . . .        (no shield)
rNeg    . . .        f - +0 ring mail
rPois   .            (helmet restricted)
rElec   .            (no cloak)
rCorr   .            (no gloves)
SInv    .            (no boots)
Will    .....        (no amulet)
Stlth   +            (no ring)
HPRegen 0.26/turn    (no ring)
MPRegen 0.09/turn

%: no passive effects
@: no status effects
A: horns 2, retaliatory headbutt
a: no special abilities


You were on level 1 of the Dungeon.
You visited 1 branch of the dungeon, and saw 2 of its levels.

You collected 117 gold pieces.


Innate Abilities, Weirdness & Mutations

You have a pair of horns on your head.
You reflexively headbutt those who attack you in melee.


   Skills:
 - Level 2.0 Fighting
 + Level 4.2 Ranged Weapons
 - Level 1.4 Armour
 - Level 2.1 Dodging
 - Level 1.0 Spellcasting
 - Level 2.0 Hexes


You had 4 spell levels left.
You knew the following spells:

 Your Spells              Type           Power      Damage    Failure   Level
a - Slow                  Hex            16%        N/A       32%         1

Your spell library contained the following spells:

 Spells                   Type           Power      Damage    Failure   Level
 Inner Flame              Hex/Fire       2%         N/A       83%         3
 Portal Projectile        Hex/Tloc       4%         N/A       83%         3
 Cause Fear               Hex            2%         N/A       97%         4

Inventory:

Hand Weapons
 Y - a +4 sling (weapon)
Armour
 f - a +0 ring mail (worn)
Scrolls
 a - a scroll of identify
Potions
 e - a potion of curing
 h - a potion of cancellation {unknown}
 i - a potion of enlightenment {unknown}

Dungeon Overview and Level Annotations

Branches:
Dungeon (2/15)

Altars:
Trog

Shops:
D:1 =   D:2 [


Message History

It was a scroll of noise.
Done exploring.
(D) Dungeon
Where to? (* - list waypoints, Enter - D:2, ? - help)
What level of the Dungeon? (default 1, ? - help)
You climb downwards.
The gnoll closely misses you. You furiously retaliate!
You headbutt the gnoll, but do no damage.
There is a stone staircase leading up here.
A gnoll is nearby!
You shoot a sling bullet. The sling bullet hits the gnoll.
The gnoll is heavily wounded.
The gnoll hits you with a +0 whip. The gnoll hits you but does no damage.
You shoot a sling bullet.
The sling bullet barely misses the gnoll.
The gnoll barely misses you. The gnoll hits you with a +0 whip.
1537 ||| STAIRDANCE The gnoll hits you with a +0 club.
The gnoll hits you with a +0 whip.
You climb upwards.
There is a stone staircase leading down here.
You shoot a sling bullet. The sling bullet hits the gnoll.
The gnoll is severely wounded.
The gnoll hits you with a +0 whip! The gnoll hits you with a +0 club.
You shoot a sling bullet.
The sling bullet closely misses the gnoll.
The gnoll hits you but does no damage. The gnoll barely misses you.
You shoot a sling bullet.
The sling bullet closely misses the gnoll.
The gnoll barely misses you. The gnoll closely misses you.
The gnoll barely misses you. You furiously retaliate!
You headbutt the gnoll. The gnoll hits you with a +0 club.
You shoot a sling bullet.
The sling bullet barely misses the gnoll.
The gnoll hits you with a +0 whip! The gnoll hits you with a +0 club.
You shoot a sling bullet.
The sling bullet barely misses the gnoll.
The gnoll hits you with a +0 whip. The gnoll hits you with a +0 club.
You shoot a sling bullet.
The sling bullet barely misses the gnoll.
The gnoll hits you with a +0 whip.
You die...

#............##........#
'......................#
#............###......##
#............# #......#
#............# #......#
#............# #.>....#
#............# #......#
#.........#### #gg....#
#.........# #@.....#
########### #......#
#......# #......#
#......# #......#
########


You could see 2 gnolls.

Vanquished Creatures
  2 gnolls (D:2)
  2 adders (D:2)
  2 worms (D:2)
  A ball python (D:1)
  An endoplasm (D:2)
  2 giant cockroaches (D:2)
  4 goblins
  A hobgoblin (D:2)
  2 jackals (D:1)
  A kobold (D:2)
  A quokka (D:1)
  3 bats
  2 frilled lizards (D:1)
  A rat (D:1)
25 creatures vanquished.

Notes
Turn   | Place    | Note
-------+----------+-------------------------------------------
     0 | D:1      | qw the Minotaur Hexslinger began the quest for the Orb.
     0 | D:1      | Reached XP level 1. HP: 16/16 MP: 1/1
     0 | D:1      | 0 ||| qw: Version: 0.3-a-52-g30416fa
     0 | D:1      | 0 ||| qw: Game counter: 7903
     0 | D:1      | 0 ||| qw: Melee chars always use a shield: true
     0 | D:1      | 0 ||| qw: God list: Okawaru
     0 | D:1      | 0 ||| qw: Allow faded altars: false
     0 | D:1      | 0 ||| qw: Do Orc after clearing Dungeon:15 true
     0 | D:1      | 0 ||| qw: Do second Lair branch before Depths: true
     0 | D:1      | 0 ||| qw: Lair rune preference: random
     0 | D:1      | 0 ||| qw: Goals: Normal
     0 | D:1      | 0 ||| PLANNING D:1-11
    66 | D:1      | Found Qouc's Jewellery Shop.
    71 | D:1      | 71 ||| SHOPLISTING +4 ring of slaying (858 gold, have 0).
    71 | D:1      | 71 ||| SHOPLISTING amulet of the acrobat (330 gold, have
                  | 0).
    71 | D:1      | 71 ||| SHOPLISTING ring of Eniu {*Slow rPois rC+ Int+2
                  | Dex+9} (590 gold, have 0).
    71 | D:1      | 71 ||| SHOPLISTING ring of fire (275 gold, have 0).
   653 | D:1      | Reached skill level 3 in Ranged Weapons
   653 | D:1      | Reached XP level 2. HP: 23/23 MP: 2/2
   967 | D:1      | 967 ||| UPGRADING to +0 ring mail.
   977 | D:1      | 977 ||| DROPPING +0 robe.
   978 | D:1      | 978 ||| READING 2 scrolls labelled JORUKA JANY.
   979 | D:1      | 979 ||| READING scroll labelled XIH ZULYQO XUKH.
   983 | D:1      | 983 ||| READING scroll labelled VOWKA DOHICUWN.
   984 | D:1      | 984 ||| DRINKING 2 murky red potions.
   985 | D:1      | 985 ||| DROPPING scroll of poison.
  1127 | D:2      | Found a bloodstained altar of Trog.
  1236 | D:2      | Reached XP level 3. HP: 25/29 MP: 3/3
  1253 | D:2      | Found Uronnes's Antique Armour Shoppe.
  1306 | D:2      | Reached skill level 4 in Ranged Weapons
  1405 | D:2      | 1405 ||| SWAPPING to +4 sling.
  1406 | D:2      | 1406 ||| DROPPING +1 sling.
  1437 | D:2      | Reached skill level 1 in Armour
  1443 | D:2      | Reached XP level 4. HP: 29/36 MP: 4/4
  1443 | D:2      | 1443 ||| FLEEEEING.
  1444 | D:2      | 1444 ||| FLEEEEING.
  1445 | D:2      | 1445 ||| FLEEEEING.
  1446 | D:2      | 1446 ||| FLEEEEING.
  1447 | D:2      | 1447 ||| FLEEEEING.
  1448 | D:2      | 1448 ||| FLEEEEING.
  1449 | D:2      | 1449 ||| FLEEEEING.
  1450 | D:2      | 1450 ||| FLEEEEING.
  1451 | D:2      | 1451 ||| FLEEEEING.
  1452 | D:2      | 1452 ||| FLEEEEING.
  1453 | D:2      | 1453 ||| FLEEEEING.
  1454 | D:2      | 1454 ||| FLEEEEING.
  1455 | D:2      | 1455 ||| STAIRDANCE
  1467 | D:1      | 1467 ||| READING scroll labelled ZIXEIG USTOTT.
  1532 | D:1      | 1532 ||| READING scroll labelled UHIOLONETY.
  1537 | D:2      | 1537 ||| STAIRDANCE
  1542 | D:1      | HP: 4/36 [gnoll/+0 whip (8)]
  1543 | D:1      | HP: 1/36 [gnoll/+0 club (2)]
  1544 | D:1      | Slain by a gnoll

Levels and vault maps discovered:
D:1:      dpeg_arrival_boxes_within_box, layout_basic, serial_shops,
          nicolae_shop_just_a_little_nook, wander_ebering_terrifying_dragon_lair
D:2:      layout_basic, serial_shops, shop, basic_altar, eino_tiny_chamber

Skill      XL: |  1  2  3 |
---------------+----------+-----
Ranged Weapons | 3 4 |  4.2
Fighting       | 2 |  2.0
Armour         | 1 |  1.4
Dodging        | |  2.1
Spellcasting   | |  1.0
Hexes          | |  2.0

Action                     |  1- 3 |  4- 6 || total
---------------------------+-------+-------++-------
   Fire: Sling             |    79 |     8 ||    87
    Use: Scroll            |     3 |     2 ||     5
         Potion            |     1 |       ||     1
 Armour: Robe              |     1 |       ||     1
         Ring mail         |    13 |     2 ||    15
  Dodge: Dodged            |    24 |     6 ||    30

Table legend:
 A = Non-vault XP
 B = Vault XP
 C = Vault XP percentage of total XP
 D = Non-vault monster count
 E = Vault monster count
 F = Vault count percentage of total count
                 A         B        C        D         E       F
            +---------+---------+-------+---------+---------+-------
      Total |      97 |       1 |   1.0 |      24 |       1 |   4.0
            +---------+---------+-------+---------+---------+-------
        D:1 |      15 |       1 |   6.2 |       9 |       1 |  10.0
        D:2 |      82 |       0 |   0.0 |      15 |       0 |   0.0
            +---------+---------+-------+---------+---------+-------
